SAA
ATHLETIC CLUB KC ACADEMY @ LONG ISLAND SEAWOLVES
08/24/2031
 
TOP OF THE 1ST
Athletic Club KC Academy batting - Pitching for Long Island Seawolves : LHP Héctor Ramos
Pitching: LHP Héctor Ramos
Batting: RHB Arturo Annunziato 0-0: Ball
1-0: Called Strike
1-1: Ball
2-1: Foul Ball, location: 2F
2-2: Foul Ball, location: 2F
2-2: Strikes out swinging
Batting: LHB Kwang-chih Feng 0-0: Ball
1-0: Called Strike
1-1: Swinging Strike
1-2: Ball
2-2: Foul Ball, location: 2F
2-2: Ball
3-2: Base on Balls
Batting: RHB Colin Bottone 0-0: Foul Ball, location: 2F
0-1: Ball
1-1: Swinging Strike
1-2: DOUBLE (Line Drive, 78XD)
Kwang-chih Feng to third
Batting: LHB Takayuki Yoshikawa 0-0: Called Strike
0-1: Called Strike
0-2: Ground out 4-3 (Groundball, 4)
Kwang-chih Feng scores
Colin Bottone to third
Batting: LHB Onye Mahusay 0-0: Fly out, F8 (Flyball, 8RD)
Top of the 1st over - 1 run, 1 hit, 0 errors, 1 left on base; Athletic Club KC Academy 1 - Long Island 0
BOTTOM OF THE 1ST
Long Island Seawolves batting - Pitching for Athletic Club KC Academy : RHP Gabriel Reyes
Pitching: RHP Gabriel Reyes
Batting: SHB Josh Sanders 0-0: Ball
1-0: Ball
2-0: Ball
3-0: Called Strike
3-1: Base on Balls
Batting: RHB Max Berman 0-0: Ball
1-0: Foul Ball, location: 2F
1-1: Ball
2-1: Ball
3-1: Called Strike
3-2: Ground out 5-3 (Groundball, 5L)
Josh Sanders to second
Batting: RHB Alfredo Escalante 0-0: Called Strike
0-1: Called Strike
Josh Sanders is caught stealing 3rd base
0-2: Ball
1-2: Strikes out swinging
Bottom of the 1st over - 0 runs, 0 hits, 0 errors, 0 left on base; Athletic Club KC Academy 1 - Long Island 0
TOP OF THE 2ND
Athletic Club KC Academy batting - Pitching for Long Island Seawolves : LHP Héctor Ramos
Batting: LHB Chi-hun Chong 0-0: Ball
1-0: Ball
2-0: Ground out U3 (Groundball, 3)
Batting: SHB Ijsbrand van Hoogewegen 0-0: Ball
1-0: Ball
2-0: Called Strike
2-1: Fly out, F5 (Flyball, 56D)
Batting: RHB Dewey Nauss 0-0: Ball
1-0: Foul Ball, location: 2F
1-1: Fly out, F7 (Flyball, 7LSF)
Top of the 2nd over - 0 runs, 0 hits, 0 errors, 0 left on base; Athletic Club KC Academy 1 - Long Island 0
BOTTOM OF THE 2ND
Long Island Seawolves batting - Pitching for Athletic Club KC Academy : RHP Gabriel Reyes
Batting: SHB Alfredo Sánchez 0-0: Ball
1-0: Ball
2-0: Ball
3-0: Base on Balls
Batting: RHB José Magana 0-0: Ball
1-0: Called Strike
1-1: Grounds into double play, 6-4-3 (Groundball, 6)
Batting: RHB Jeff MacCamie 0-0: Fly out, F8 (Flyball, 8LD)
Bottom of the 2nd over - 0 runs, 0 hits, 0 errors, 0 left on base; Athletic Club KC Academy 1 - Long Island 0
TOP OF THE 3RD
Athletic Club KC Academy batting - Pitching for Long Island Seawolves : LHP Héctor Ramos
Batting: RHB Troy Whitehurst 0-0: Swinging Strike
0-1: Ball
1-1: Foul Ball, location: 2F
1-2: DOUBLE (Groundball, 5L)
Batting: RHB Arturo Annunziato 0-0: SINGLE (Line Drive, 89M)
Troy Whitehurst to third
Batting: LHB Kwang-chih Feng 0-0: Called Strike
0-1: SINGLE (Flyball, 7LS)
Troy Whitehurst scores
Arturo Annunziato to second
Runner from 2nd tries for 3rd, SAFE, no throw
Batting: RHB Colin Bottone 0-0: Ball
1-0: Ball
2-0: Ball
3-0: Base on Balls
Kwang-chih Feng to second
Batting: LHB Takayuki Yoshikawa 0-0: Ball
1-0: Ball
2-0: Called Strike
2-1: Foul Ball, location: 2F
2-2: Strikes out swinging
Batting: LHB Onye Mahusay 0-0: Ball
1-0: Ball
2-0: Swinging Strike
2-1: Ball
Passed Ball!
Arturo Annunziato scores
Kwang-chih Feng to third
Colin Bottone to second
3-1: Foul Ball, location: 2F
3-2: Strikes out looking
Batting: LHB Chi-hun Chong 0-0: Ball
1-0: Called Strike
1-1: Ball
2-1: Ball
3-1: Base on Balls
Batting: SHB Ijsbrand van Hoogewegen 0-0: Ball
1-0: Ball
2-0: Swinging Strike
2-1: Foul Ball, location: 2F
2-2: Ball
3-2: SINGLE (Groundball, 34D)
Kwang-chih Feng scores
Colin Bottone to third
Chi-hun Chong to second
Colin Bottone scores
Chi-hun Chong to third
Batting: RHB Dewey Nauss 0-0: Ball
1-0: Ball
2-0: Ball
3-0: Base on Balls
Ijsbrand van Hoogewegen to second
Batting: RHB Troy Whitehurst 0-0: Ball
1-0: Fly out, F9 (Flyball, 9D)
Top of the 3rd over - 4 runs, 4 hits, 0 errors, 3 left on base; Athletic Club KC Academy 5 - Long Island 0
BOTTOM OF THE 3RD
Long Island Seawolves batting - Pitching for Athletic Club KC Academy : RHP Gabriel Reyes
Batting: RHB Jesús Quintana 0-0: Ball
1-0: Swinging Strike
1-1: Ball
2-1: Ball
3-1: Fly out, F8 (Flyball, 89XD)
Batting: LHB Wilson López 0-0: Ball
1-0: Ball
2-0: Called Strike
2-1: Ball
3-1: SINGLE (Groundball, 6D)
Batting: RHB Abad Lugo 0-0: Foul Ball, location: 2F
0-1: Ball
1-1: Ball
2-1: Called Strike
2-2: Foul Ball, location: 2F
2-2: Foul Ball, location: 2F
2-2: Fly out, F7 (Flyball, 7LM)
Batting: SHB Josh Sanders 0-0: Foul Ball, location: 2F
0-1: Called Strike
Wilson López steals 2nd base
0-2: Foul Ball, location: 2F
0-2: Ground out 3-1 (Groundball, 34)
Bottom of the 3rd over - 0 runs, 1 hit, 0 errors, 1 left on base; Athletic Club KC Academy 5 - Long Island 0
TOP OF THE 4TH
Athletic Club KC Academy batting - Pitching for Long Island Seawolves : LHP Héctor Ramos
Batting: RHB Arturo Annunziato 0-0: Ball
1-0: Called Strike
1-1: Ball
2-1: Foul Ball, location: 2F
2-2: Foul Ball, location: 2F
2-2: Foul Ball, location: 2F
2-2: Strikes out looking
Batting: LHB Kwang-chih Feng 0-0: Ball
1-0: Ball
2-0: Called Strike
2-1: Foul Ball, location: 2F
2-2: Foul Ball, location: 2F
2-2: Ball
3-2: Foul Ball, location: 2F
3-2: Base on Balls
Batting: RHB Colin Bottone 0-0: Ball
1-0: SINGLE (Groundball, 6MD)
Kwang-chih Feng to second
Runner from 2nd tries for 3rd, SAFE, throw made to third
Batting: LHB Takayuki Yoshikawa 0-0: Called Strike
0-1: SINGLE (Groundball, 34D)
Kwang-chih Feng scores
Colin Bottone to second
Runner from 2nd tries for 3rd, SAFE, no throw
Batting: LHB Onye Mahusay 0-0: Called Strike
Takayuki Yoshikawa steals 2nd base
0-1: Ball
1-1: Swinging Strike
1-2: Strikes out swinging
Batting: LHB Chi-hun Chong 0-0: Called Strike
0-1: Swinging Strike
0-2: Ball
1-2: Ball
2-2: Ball
3-2: Foul Ball, location: 2F
3-2: Foul Ball, location: 2F
3-2: Ground out 6-3 (Groundball, 6)
Top of the 4th over - 1 run, 2 hits, 0 errors, 2 left on base; Athletic Club KC Academy 6 - Long Island 0
BOTTOM OF THE 4TH
Long Island Seawolves batting - Pitching for Athletic Club KC Academy : RHP Gabriel Reyes
Batting: RHB Max Berman 0-0: Ball
1-0: Ball
2-0: Ball
3-0: Foul Ball, location: 2F
3-1: Base on Balls
Batting: RHB Alfredo Escalante 0-0: Ball
1-0: Called Strike
1-1: Called Strike
1-2: Fly out, F8 (Flyball, 8RD)
Batting: SHB Alfredo Sánchez 0-0: Foul Ball, location: 2F
0-1: Ball
1-1: Ball
2-1: Ball
3-1: Foul Ball, location: 2F
3-2: Foul Ball, location: 2F
3-2: Strikes out looking
Batting: RHB José Magana 0-0: Ball
1-0: Ball
2-0: Ball
3-0: Base on Balls
Max Berman to second
Batting: RHB Jeff MacCamie 0-0: Foul Ball, location: 2F
0-1: SINGLE (Groundball, 6MD)
Max Berman to third
José Magana to second
Runner from 3rd tries for Home, SAFE, no throw
Batting: RHB Jesús Quintana 0-0: Called Strike
0-1: Ground out 4-3 (Groundball, 4)
Bottom of the 4th over - 1 run, 1 hit, 0 errors, 2 left on base; Athletic Club KC Academy 6 - Long Island 1
TOP OF THE 5TH
Athletic Club KC Academy batting - Pitching for Long Island Seawolves : LHP Héctor Ramos
Batting: SHB Ijsbrand van Hoogewegen 0-0: Called Strike
0-1: SINGLE (Groundball, 56D)
Batting: RHB Dewey Nauss 0-0: Ball
1-0: Swinging Strike
1-1: Ball
Wild Pitch!
Ijsbrand van Hoogewegen to second
2-1: Ball
3-1: Base on Balls
Pitching: LHP José González
Batting: RHB Troy Whitehurst 0-0: SINGLE (Line Drive, 56)
Ijsbrand van Hoogewegen to third
Dewey Nauss to second
Batting: RHB Arturo Annunziato 0-0: Fielders Choice at 2nd, 3-6 (Groundball, 34)
Ijsbrand van Hoogewegen scores
Dewey Nauss to third
Batting: LHB Kwang-chih Feng 0-0: Foul Ball, location: 2F
0-1: Ball
1-1: Ground out U3 (Groundball, 3)
Dewey Nauss scores
Arturo Annunziato to second
Batting: RHB Colin Bottone 0-0: Swinging Strike
0-1: Ball
1-1: Swinging Strike
1-2: Ball
2-2: Strikes out swinging
Top of the 5th over - 2 runs, 2 hits, 0 errors, 1 left on base; Athletic Club KC Academy 8 - Long Island 1
BOTTOM OF THE 5TH
Long Island Seawolves batting - Pitching for Athletic Club KC Academy : RHP Gabriel Reyes
Batting: LHB Wilson López 0-0: Ball
1-0: SINGLE (Groundball, 15S) (infield hit)
Batting: RHB Abad Lugo 0-0: Fly out, F9 (Flyball, 89M)
Batting: SHB Josh Sanders 0-0: Ball
1-0: SINGLE (Groundball, 34S) (infield hit)
Wilson López to second
Batting: RHB Max Berman 0-0: Ball
1-0: Ball
2-0: Ball
3-0: Base on Balls
Wilson López to third
Josh Sanders to second
Batting: RHB Alfredo Escalante 0-0: Called Strike
0-1: Ball
1-1: Swinging Strike
1-2: Ball
2-2: Ball
3-2: Foul Ball, location: 2F
3-2: Base on Balls
Wilson López scores
Josh Sanders to third
Max Berman to second
Batting: SHB Alfredo Sánchez 0-0: Ball
1-0: Foul Ball, location: 2F
1-1: Foul Ball, location: 2F
1-2: Grounds into double play, 6-4-3 (Groundball, 6)
Bottom of the 5th over - 1 run, 2 hits, 0 errors, 2 left on base; Athletic Club KC Academy 8 - Long Island 2
TOP OF THE 6TH
Athletic Club KC Academy batting - Pitching for Long Island Seawolves : LHP José González
Batting: LHB Takayuki Yoshikawa 0-0: Ball
1-0: Ball
2-0: Called Strike
2-1: Swinging Strike
2-2: Ball
3-2: Strikes out looking
Batting: LHB Onye Mahusay 0-0: Called Strike
0-1: Called Strike
0-2: Ground out 4-3 (Groundball, 4MD)
Batting: LHB Chi-hun Chong 0-0: Called Strike
0-1: Ball
1-1: Ground out 6-3 (Groundball, 6)
Top of the 6th over - 0 runs, 0 hits, 0 errors, 0 left on base; Athletic Club KC Academy 8 - Long Island 2
BOTTOM OF THE 6TH
Long Island Seawolves batting - Pitching for Athletic Club KC Academy : RHP Gabriel Reyes
Batting: RHB José Magana 0-0: Ball
1-0: Ball
2-0: Ball
3-0: Called Strike
3-1: SINGLE (Flyball, 9LM)
Pitching: LHP Jeffrey Fluker
Batting: RHB Jeff MacCamie 0-0: Ball
1-0: Called Strike
1-1: Ball
2-1: Fielders Choice at 2nd, 5-4 (Groundball, 56)
Batting: RHB Jesús Quintana 0-0: Ball
1-0: Called Strike
1-1: Called Strike
1-2: Strikes out swinging
Batting: LHB Wilson López 0-0: Fly out, F9 (Flyball, 9S)
Bottom of the 6th over - 0 runs, 1 hit, 0 errors, 1 left on base; Athletic Club KC Academy 8 - Long Island 2
TOP OF THE 7TH
Athletic Club KC Academy batting - Pitching for Long Island Seawolves : LHP José González
Batting: SHB Ijsbrand van Hoogewegen 0-0: Ball
1-0: Foul Ball, location: 2F
1-1: Fly out, F6 (Line Drive, 6M)
Batting: RHB Dewey Nauss 0-0: Ball
1-0: Ball
2-0: Called Strike
2-1: Ball
3-1: Called Strike
3-2: Base on Balls
Batting: RHB Troy Whitehurst 0-0: Ball
1-0: Foul Ball, location: 2F
1-1: Ball
2-1: Ball
3-1: Base on Balls
Dewey Nauss to second
Batting: RHB Arturo Annunziato 0-0: Ball
1-0: Called Strike
1-1: Foul Ball, location: 2F
1-2: SINGLE (Flyball, 9LS)
Dewey Nauss to third
Troy Whitehurst to second
Batting: LHB Kwang-chih Feng 0-0: Fly out, F4 (Popup, 4)
Batting: RHB Colin Bottone 0-0: Foul Ball, location: 2F
0-1: Ball
1-1: Foul Ball, location: 2F
1-2: SINGLE (Flyball, 9LS)
Dewey Nauss scores
Troy Whitehurst to third
Arturo Annunziato to second
Runner from 3rd tries for Home, SAFE, throw made home
Batting: LHB Takayuki Yoshikawa 0-0: Ball
1-0: SINGLE (Groundball, 56) (infield hit)
Arturo Annunziato to third
Colin Bottone to second
Batting: LHB Onye Mahusay 0-0: Ball
1-0: Ball
2-0: Ball
3-0: Base on Balls
Arturo Annunziato scores
Colin Bottone to third
Takayuki Yoshikawa to second
Batting: LHB Chi-hun Chong 0-0: Swinging Strike
0-1: Ground out 4-3 (Groundball, 4)
Top of the 7th over - 3 runs, 3 hits, 0 errors, 3 left on base; Athletic Club KC Academy 11 - Long Island 2
BOTTOM OF THE 7TH
Long Island Seawolves batting - Pitching for Athletic Club KC Academy : LHP Jeffrey Fluker
Now at 2B: David Lozano
Batting: RHB Abad Lugo 0-0: Foul Ball, location: 2F
0-1: Foul Ball, location: 2F
0-2: Ball
1-2: Ball
2-2: Strikes out looking
Batting: SHB Josh Sanders 0-0: Called Strike
0-1: SINGLE (Groundball, 56D)
Batting: RHB Max Berman 0-0: Ball
1-0: Fly out, F9 (Flyball, 9S)
Batting: RHB Alfredo Escalante 0-0: Called Strike
Josh Sanders steals 2nd base
0-1: Called Strike
0-2: Ball
1-2: Ball
2-2: Strikes out looking
Bottom of the 7th over - 0 runs, 1 hit, 0 errors, 1 left on base; Athletic Club KC Academy 11 - Long Island 2
TOP OF THE 8TH
Athletic Club KC Academy batting - Pitching for Long Island Seawolves : LHP José González
Batting: SHB Ijsbrand van Hoogewegen 0-0: Ball
1-0: Ball
2-0: Ground out 5-3 (Groundball, 5)
Batting: RHB Dewey Nauss 0-0: Called Strike
0-1: Ball
1-1: Ball
2-1: Swinging Strike
2-2: Strikes out swinging
Batting: RHB Troy Whitehurst 0-0: Ball
1-0: Called Strike
1-1: Foul Ball, location: 2F
1-2: Foul Ball, location: 2F
1-2: Ball
2-2: Strikes out swinging, 2-3 out at first.
Top of the 8th over - 0 runs, 0 hits, 0 errors, 0 left on base; Athletic Club KC Academy 11 - Long Island 2
BOTTOM OF THE 8TH
Long Island Seawolves batting - Pitching for Athletic Club KC Academy : LHP Jeffrey Fluker
Batting: SHB Alfredo Sánchez 0-0: Called Strike
0-1: Called Strike
0-2: Ball
1-2: Strikes out looking
Batting: RHB José Magana 0-0: Ball
1-0: Called Strike
1-1: Ball
2-1: Ball
3-1: Base on Balls
Batting: RHB Jeff MacCamie 0-0: Called Strike
0-1: Ball
1-1: Foul Ball, location: 2F
1-2: Foul Ball, location: 2F
1-2: Ball
2-2: Fly out, F6 (Popup, 6MD)
Batting: RHB Jesús Quintana 0-0: Called Strike
0-1: Fly out, F9 (Flyball, 9S)
Bottom of the 8th over - 0 runs, 0 hits, 0 errors, 1 left on base; Athletic Club KC Academy 11 - Long Island 2
TOP OF THE 9TH
Athletic Club KC Academy batting - Pitching for Long Island Seawolves : LHP José González
Batting: RHB Arturo Annunziato 0-0: Fly out, F7 (Flyball, 78S)
Batting: LHB Kwang-chih Feng 0-0: Ball
1-0: Swinging Strike
1-1: Ball
2-1: Fly out, F8 (Flyball, 8RM)
Batting: RHB David Lozano 0-0: Foul Ball, location: 2F
0-1: Ball
1-1: Ball
2-1: Called Strike
2-2: DOUBLE (Flyball, 8LD)
Batting: LHB Takayuki Yoshikawa 0-0: Ball
1-0: Ball
2-0: Ball
3-0: Base on Balls
Batting: LHB Onye Mahusay 0-0: Ball
1-0: Ball
2-0: Ground out 4-3 (Groundball, 4)
Top of the 9th over - 0 runs, 1 hit, 0 errors, 2 left on base; Athletic Club KC Academy 11 - Long Island 2
BOTTOM OF THE 9TH
Long Island Seawolves batting - Pitching for Athletic Club KC Academy : LHP Jeffrey Fluker
Batting: LHB Wilson López 0-0: Ball
1-0: Foul Ball, location: 2F
1-1: Ball
2-1: Foul Ball, location: 2F
2-2: Ground out 5-3 (Groundball, 5)
Batting: RHB Abad Lugo 0-0: Ball
1-0: DOUBLE (Flyball, 8LD)
Batting: SHB Josh Sanders 0-0: Fly out, F3 (Line Drive, 3)
Batting: RHB Max Berman 0-0: Fly out, F9 (Flyball, 9D)
Bottom of the 9th over - 0 runs, 1 hit, 0 errors, 1 left on base; Athletic Club KC Academy 11 - Long Island 2
Tuesday, June 12th, 2018 - OOTP Baseball 18.8 Build 76